 Dungeon Crawl Stone Soup version 0.19-a0-593-gf2cdb02 (webtiles) character file.

56 Magifyre the Conjurer (level 3, -4/19 HPs)
             Began as a Deep Elf Fire Elementalist on June 10, 2016.
             Slain by an orc wizard
             ... wielding a +1 dagger of venom
              (5 damage)
             ... on level 3 of the Dungeon.
             The game lasted 00:08:49 (2692 turns).

Magifyre the Conjurer (Deep Elf Fire Elementalist)  Turns: 2692, Time: 00:08:50

Health: -4/19      AC:  2    Str:  5    XL:     3   Next: 71%
Magic:  0/9        EV: 13    Int: 20    God:
Gold:   30         SH:  0    Dex: 15    Spells: 3 memorised, 2 levels left

rFire  . . .     SeeInvis .     m - +0 short sword
rCold  . . .     Gourm    .     a - +0 robe
rNeg   . . .     Faith    .     (no shield)
rPois  .         Spirit   .     (no helmet)
rElec  .         Dismiss  .     (no cloak)
rCorr  .         Reflect  .     (no gloves)
SustAt .         Harm     .     (no boots)
MR     .....                    (no amulet)
Stlth  ++........               (no ring)
                                (no ring)

@: lethally poisoned (-4 -> -18), not resistant to hostile enchantments,
unstealthy
A: no striking features
a: no special abilities


You were on level 3 of the Dungeon.
You were not hungry.

You visited 1 branch of the dungeon, and saw 3 of its levels.

You collected 30 gold pieces.

Inventory:

Hand Weapons
 m - a +0 short sword (weapon)
Armour
 a - a +0 robe (worn)
Scrolls
 f - a scroll of immolation {unknown}
 g - a scroll of fog {unknown}
 h - a scroll of fear {unknown}
 j - 2 scrolls of random uselessness {unknown}
 l - 4 scrolls of identify {unknown}
Potions
 d - a potion of brilliance {unknown}
 e - 2 potions of ambrosia {unknown}
 i - a potion of lignification {unknown}
 o - a potion of curing {unknown}
Books
 b - a book of Flames

   Spells                             Type                      Level
   a - Flame Tongue                   Conjuration/Fire             1
   b - Throw Flame                    Conjuration/Fire             2
   c - Conjure Flame                  Conjuration/Fire             3
   d - Inner Flame                    Hexes/Fire                   3
   e - Sticky Flame                   Conjuration/Fire             4
   f - Fireball                       Conjuration/Fire             5
Comestibles
 c - 4 bread rations
 k - 2 meat rations


   Skills:
 - Level 2.4 Dodging
 - Level 2.4 Stealth
 + Level 3.0 Spellcasting
 - Level 4.0 Conjurations
 * Level 3.3 Fire Magic


You had 2 spell levels left.
You knew the following spells:

 Your Spells              Type           Power        Failure   Level  Hunger
a - Flame Tongue          Conj/Fire      ###..        3%          1    None
b - Throw Flame           Conj/Fire      ###...       6%          2    ##.....
c - Conjure Flame         Conj/Fire      ###.....     12%         3    ###....


Dungeon Overview and Level Annotations

Branches:
Dungeon (3/15)

Altars:
Sif Muna


Message History

Aiming: Flame Tongue
Press: ? - help, Shift-Dir - straight line, f/p - orc wizard
Aim: an orc wizard, wielding a dagger of venom and wearing a robe (heavily wounded, fast)
The flame tongue hits the orc wizard.
The orc wizard appears unharmed.
The orc wizard is heavily wounded.
The orc wizard gestures at you while chanting.
The puff of frost hits you!
The orc wizard points at you and mumbles some strange words.
The puff of flame hits you!
You hit the orc wizard.
The orc wizard is severely wounded.
The orc wizard hits you with a dagger of venom.
* * * LOW HITPOINT WARNING * * *
You are lethally poisoned!
You barely miss the orc wizard.
The orc wizard is severely wounded.
* * * LOW HITPOINT WARNING * * *
You feel sick.
The orc wizard hits you with a dagger of venom.
You die...

.# .. .# .. ) .. #.
.#.## ......
.#..### ..... #o.#
#@.# #..####
#.....#####
#.........#
#.........#
###.........#
.............#
.####....#####
........###########


You could see an orc wizard.

Vanquished Creatures
  A worm (D:2)
  5 dart slugs
  2 giant geckos
  An orc (D:3)
  4 giant cockroaches (D:1)
  A goblin (D:1)
  6 hobgoblins
  A quokka (D:2)
  2 bats (D:2)
  2 giant newts (D:2)
  6 kobolds
  10 rats
41 creatures vanquished.

Notes
Turn   | Place    | Note
--------------------------------------------------------------
     0 | D:1      | Magifyre the Deep Elf Fire Elementalist began the quest for the Orb.
     0 | D:1      | Reached XP level 1. HP: 10/10 MP: 6/6
    90 | D:1      | Reached skill level 2 in Conjurations
   118 | D:1      | Reached XP level 2. HP: 15/15 MP: 5/8
   122 | D:1      | Learned a level 2 spell: Throw Flame
   726 | D:1      | Reached skill level 3 in Conjurations
  1254 | D:2      | Found a deep blue altar of Sif Muna.
  1343 | D:2      | Reached XP level 3. HP: 19/19 MP: 2/9
  1763 | D:2      | Learned a level 3 spell: Conjure Flame
  2293 | D:2      | Reached skill level 4 in Conjurations
  2692 | D:3      | Slain by an orc wizard

Vault maps used:
D:1:      dpeg_arrival_arbitrary_b, serial_park_tiny_1, hangedman_decor_growths
D:2:      lemuel_blue_sif_altar, first_bread
D:3:      gammafunk_pakellas_its_alive, serial_glass, glass_columns_c,
          glass_columns_a

Skill      XL: |  1  2  3 |
---------------+----------+-----
Conjurations   | 2 3 4 |  4.0
Dodging        | |  2.4
Stealth        | |  2.4
Spellcasting   | |  3.0
Fire Magic     | |  3.3

Action                   || total
-------------------------++-------
Melee: Short sword       ||     2
 Cast: Flame Tongue      ||    27
       Throw Flame       ||    52
  Eat: Chunk             ||     7
